 Dungeon Crawl Stone Soup version 0.30-a0-585-g93115170b9 (webtiles) character file.

Game seed: 2522662353866773067

3880 arthad the Digger (level 10, -2/50 HPs)
             Began as a Gargoyle Earth Elementalist on Jan 1, 2023.
             Was a Believer of Vehumet.
             Slain by a troll (9 damage)
             ... on level 8 of the Dungeon.
             The game lasted 00:19:46 (7736 turns).

arthad the Digger (Gargoyle Earth Elementalist)     Turns: 7736, Time: 00:19:47

Health: -2/50      AC: 11    Str: 17    XL:     10   Next: 19%
Magic:  15/18      EV: 12    Int: 21    God:    Vehumet [**....]
Gold:   453        SH:  0    Dex: 10    Spells: 5/20 levels left

rFire   . . .      SeeInvis .    g - +2 dagger (venom)
rCold   + . .      Faith    .    (no shield)
rNeg    + + .      Spirit   .    w - +0 leather armour {rC+}
rPois   ∞          Reflect  .    l - +0 helmet
rElec   +          Harm     .    (no cloak)
rCorr   .          Rampage  .    (no gloves)
Will    .....                    (no boots)
Stlth   +++                      (no amulet)
HPRegen 0.28/turn                q - ring of positive energy
MPRegen 0.16/turn                M - +6 ring of strength

@: studying Maces & Flails
A: sickness immunity, AC +7, negative energy resistance 1, electricity
resistance, torment resistance 1, petrification resistance
a: Renounce Religion


You were on level 8 of the Dungeon.
You worshipped Vehumet.
Vehumet was pleased with you.
You visited 2 branches of the dungeon, and saw 9 of its levels.
You also visited: Ossuary.

You collected 562 gold pieces.
You spent 109 gold pieces at shops.

Inventory:

Hand Weapons
 g - a +2 dagger of venom (weapon)
 t - a +0 rapier
 x - a +1 sling of flaming
 G - a +0 hand axe of freezing
Missiles
 J - 9 poisoned darts
Armour
 a - a +0 robe
 k - +1 gold dragon scales
 l - a +0 helmet (worn)
 w - a +0 leather armour of cold resistance (worn)
 I - the +1 hat of Anaesthesia {rElec Str-2 Int+3}
   (You found it on level 6 of the Dungeon)

   Str:       It affects your strength (-2).
   Int:       It affects your intelligence (+3).
   rElec:     It insulates you from electricity.
 L - +0 steam dragon scales
Jewellery
 q - a ring of positive energy (left hand)
 M - a +6 ring of strength (right hand)
Wands
 v - a wand of acid (13)
 N - a wand of polymorph (9)
 O - a wand of flame (16)
Scrolls
 c - 9 scrolls of identify {unknown}
 d - 2 scrolls of enchant armour
 f - 4 scrolls of teleportation
 o - 2 scrolls of blinking {unknown}
 s - 3 scrolls of vulnerability {unknown}
 u - 2 scrolls of enchant weapon {unknown}
 y - a scroll of immolation {unknown}
 E - 2 scrolls of fog {unknown}
 F - a scroll of amnesia
 H - 2 scrolls of poison
 K - a scroll of magic mapping
Potions
 b - 3 potions of magic
 e - 3 potions of might
 h - a potion of degeneration {unknown}
 i - 4 potions of heal wounds
 j - 2 potions of mutation {unknown}
 m - 2 potions of ambrosia {unknown}
 n - 6 potions of curing
 p - 3 potions of haste {unknown}
 r - 3 potions of berserk rage {unknown}
 z - 5 potions of brilliance {unknown}
 A - 6 potions of lignification {unknown}
 B - a potion of attraction {unknown}
 C - a potion of cancellation {unknown}
 D - 2 potions of flight {unknown}


   Skills:
 + Level 3.6 Armour
 + Level 3.5 Dodging
 * Level 7.3 Stealth
 * Level 5.5 Spellcasting
 * Level 5.5 Conjurations
 + Level 2.8 Translocations
 + Level 3.2 Transmutations
 + Level 3.2 Fire Magic
 * Level 7.7 Earth Magic
 + Level 3.2 Poison Magic


You had 5 spell levels left.
You knew the following spells:

 Your Spells              Type           Power      Damage    Failure   Level
a - Sandblast             Erth           76%        2d16      1%          1
b - Stone Arrow           Conj/Erth      66%        3d11      2%          3
c - Blink                 Tloc           34%        N/A       6%          2
d - Ignite Poison         Fire/Tmut/Pois 19%        N/A       10%         3
e - Momentum Strike       Conj/Tloc      46%        3d9       3%          2
f - Petrify               Tmut/Erth      28%        N/A       13%         4

Your spell library contained the following spells:

 Spells                   Type           Power      Damage    Failure   Level
 Static Discharge         Conj/Air       34%        2-4/arc   6%          2
 Passwall                 Tmut/Erth      23%        N/A       1%          2
 Freeze                   Ice            20%        1d4       12%         1
 Hailstorm                Conj/Ice       17%        3d6       12%         3
 Lesser Beckoning         Tloc           34%        N/A       12%         3
 Kindle Blastsparks       Fire/Tloc/Air  28%        2d12      16%         3
 Frozen Ramparts          Ice            10%        1d2       36%         3
 Freezing Cloud           Conj/Ice/Air   6%         6-21      85%         5


Dungeon Overview and Level Annotations

Branches:
Dungeon (8/15)             Temple (1/1) D:4         Ossuary (visited)
   Lair: D:8-11

Altars:
Cheibriados
Dithmenos
Elyvilon
Fedhas
Gozag
Hepliaklqana
Kikubaaqudgha
Makhleb
Nemelex Xobeh
Okawaru
Ru
Sif Muna
Trog
Uskayaw
Vehumet
Wu Jian
Xom
Yredelemnul
Zin
The Shining One

Shops:
D:2 [   D:3 =   D:4 (   D:5 *   D:6 (


Innate Abilities, Weirdness & Mutations

You are immune to sickness and miasma.
Your stone body is resilient. (AC +7)
You are immune to poison.
You resist negative energy. (rN+)
You are resistant to electric shocks. (rElec)
You are resistant to unholy torment.
You are immune to petrification.


Message History

The blast of sand hits the troll!
The troll is almost dead.
Aiming: Sandblast (safe; 1% risk of failure)
Press: ? - help, Q - select action, (/) - cycle Shift-Dir - straight line, f/p - troll
Aim: a troll (almost dead, covered in acid, 84% to hit)
The blast of sand misses the troll.
The troll bites you.
The troll claws you but does no damage. x2
The troll barely misses you. The troll completely misses you.
The troll claws you but does no damage.
The orange demon stings you but does no damage.
Casting: Sandblast (safe; 1% risk of failure)
Confirm with . or Enter, or press ? or * to list all spells.
Okay, then.
Aiming: Corrosive Bolt
Press: ? - help, Shift-Dir - straight line, f - orc, p - troll
Aim: an orc, wielding a +0 war axe (71% to hit)
The bolt of acid misses the troll.
The bolt of acid hits the orange demon!!
The orange demon seems to be corroded for longer.
The orange demon is severely wounded.
The bolt of acid misses the orc.
The orange demon stings you but does no damage.
The troll bites you. The troll misses you. The troll claws you.
* * * LOW HITPOINT WARNING * * *
Unknown command.
Unknown command.
Aiming: Corrosive Bolt
Press: ? - help, Shift-Dir - straight line, f/p - orc
Aim: an orc, wielding a +0 war axe (71% to hit)
The bolt of acid misses the troll.
The bolt of acid hits the orange demon!
The orange demon seems to be corroded for longer.
The orange demon is almost dead.
The bolt of acid hits the orc!
The acid corrodes the orc!
You kill the orc!
Vehumet accepts your kill.
You feel your power returning.
The troll is no longer covered in acid.
The troll bites you!
* * * LOW HITPOINT WARNING * * *
The troll claws you!
You die...

######..................
.........###############
######..## # #..# # #..#
# #..# #..#######
##.......>. #..@#######
#.##T....# ##.##4###.#
#...#)# ..#...###.#
..###......# ##.
#..###### #.4..#
..)o....#


You could see an orange demon (corroded) and a troll.

Vanquished Creatures
  Grinder (D:4)
  A wyvern (D:7)
  A steam dragon (D:7)
  Menkaure (D:4)
  A water moccasin (D:8)
  2 sky beasts
  3 ice beasts
  2 black bears
  2 ogres
  4 centaurs
  A phantom (D:7)
  3 scorpions
  7 bullfrogs
  A necrophage (D:7)
  3 wights (D:8)
  5 killer bees
  4 howler monkeys
  A jelly (D:6)
  2 orc priests (D:6)
  2 hounds
  An iguana (D:7)
  Natasha (thrice) (D:4)
  5 orc wizards
  Terence (D:2)
  8 mummies (Ossuary)
  Robin (D:3)
  11 adders
  3 gnolls (D:5)
  2 white imps
  2 worms
  2 dart slugs
  19 orcs
  6 ball pythons
  6 endoplasms
  A giant cockroach (D:4)
  3 gnoll zombies (Ossuary)
  18 goblins
  16 hobgoblins
  3 jackals (D:1)
  7 kobolds
  2 quokkas (D:1)
  5 bats
  3 hobgoblin zombies (Ossuary)
  A kobold zombie (Ossuary)
  An orc zombie (Ossuary)
  4 rats
181 creatures vanquished.

Notes
Turn   | Place    | Note
-------+----------+-------------------------------------------
     0 | D:1      | arthad the Gargoyle Earth Elementalist began the quest for
                  | the Orb.
     0 | D:1      | Reached XP level 1. HP: 10/10 MP: 3/3
   203 | D:1      | Reached XP level 2. HP: 15/15 MP: 1/5
   332 | D:1      | Reached skill level 1 in Transmutations
  1182 | D:2      | Reached XP level 3. HP: 15/19 MP: 0/6
  1278 | D:2      | Noticed a black bear
  1284 | D:2      | Killed a black bear
  1285 | D:2      | Reached XP level 4. HP: 24/24 MP: 2/8
  1285 | D:2      | Reached XP level 5. HP: 28/28 MP: 2/9
  1289 | D:2      | Learned a level 3 spell: Stone Arrow
  1432 | D:2      | Found Xited's Armour Shop.
  1483 | D:2      | Noticed Terence
  1502 | D:2      | Killed Terence
  1739 | D:2      | Reached skill level 1 in Conjurations
  2342 | D:3      | Reached XP level 6. HP: 32/32 MP: 8/10
  2505 | D:3      | Noticed Robin
  2530 | D:3      | Killed Robin
  2531 | D:3      | Reached skill level 1 in Armour
  2621 | D:3      | Found Kuer's Jewellery Shoppe.
  2770 | D:3      | Learned a level 2 spell: Blink
  2774 | D:3      | Learned a level 3 spell: Ignite Poison
  3007 | D:3      | Found an ancient bone altar of Kikubaaqudgha.
  3010 | D:3      | Found a hide-covered altar of Uskayaw.
  3211 | D:4      | Noticed Natasha
  3214 | D:4      | Killed Natasha
  3215 | D:4      | Reached skill level 5 in Earth Magic
  3429 | D:4      | You fall into a shaft and drop 2 floors!
  3457 | D:6      | Reached XP level 7. HP: 32/36 MP: 1/12
  3601 | D:5      | Entered Level 5 of the Dungeon
  3658 | D:5      | Found a sand-covered staircase.
  3664 | Ossuary  | Entered an ossuary
  3909 | Ossuary  | Reached skill level 1 in Fire Magic
  4111 | D:4      | Noticed Menkaure
  4117 | D:4      | Killed Menkaure
  4118 | D:4      | Reached skill level 1 in Translocations
  4118 | D:4      | Reached skill level 1 in Poison Magic
  4296 | D:4      | Noticed Natasha
  4300 | D:4      | Killed Natasha
  4472 | D:4      | Noticed Natasha
  4475 | D:4      | Killed Natasha
  4476 | D:4      | Reached skill level 5 in Stealth
  4582 | D:4      | Found Necafo Usesk's Weapon Shop.
  4613 | D:4      | Found a staircase to the Ecumenical Temple.
  4762 | Temple   | Entered the Ecumenical Temple
  4777 | Temple   | Became a worshipper of Vehumet
  4847 | D:4      | Noticed Grinder
  4848 | D:4      | Paralysed by Grinder for 2 turns
  4858 | D:4      | Killed Grinder
  4859 | D:4      | Reached XP level 8. HP: 28/41 MP: 6/14
  5302 | D:5      | Found Galohaops's Assorted Antiques.
  5386 | D:5      | Bought a bubbling blue potion for 25 gold pieces
  5386 | D:5      | Bought a scroll labelled AFIG TIJEXT for 28 gold pieces
  5386 | D:5      | Bought a scroll labelled ZYEWNITHRAARR for 28 gold pieces
  5386 | D:5      | Bought a scroll labelled FANOM SEFRUTZ for 28 gold pieces
  5565 | D:5      | Found a hazy altar of Hepliaklqana.
  5741 | D:6      | Found Wuidden's Weapon Shop.
  5788 | D:6      | Reached XP level 9. HP: 23/45 MP: 12/15
  5791 | D:6      | Learned a level 2 spell: Momentum Strike
  5796 | D:6      | Learned a level 4 spell: Petrify
  6008 | D:6      | Identified the +1 hat of Anaesthesia {rElec Str-2 Int+3}
  6012 | D:6      | Reached * piety under Vehumet
  6012 | D:6      | Offered knowledge of Kiss of Death by Vehumet.
  6486 | D:6      | Found a sparkling altar of Nemelex Xobeh.
  6566 | D:6      | Found an iron altar of Okawaru.
  6732 | D:7      | Reached skill level 5 in Spellcasting
  6964 | D:7      | Reached skill level 5 in Conjurations
  7197 | D:7      | Reached ** piety under Vehumet
  7198 | D:7      | Reached XP level 10. HP: 42/50 MP: 15/18
  7273 | D:7      | Offered knowledge of Static Discharge by Vehumet.
  7722 | D:8      | Noticed an orange demon
  7736 | D:8      | Slain by a troll

Illustrated notes

Levels and vault maps discovered:
D:1:      minmay_arrival_jagged, layout_basic
D:2:      layout_rooms, serial_shops, shop, kennysheep_potato, uniq_terence
D:3:      cheibrodos_greedy_goblins, layout_loops_ring,
          chequers_temple_overflow_statue_of_worship, serial_shops,
          nicolae_shop_window_shopping, uniq_robin
D:4:      layout_loops_corners, minmay_temple_entry_statues_pillars,
          serial_shops, shop, uniq_grinder, uniq_menkaure, uniq_natasha
D:5:      layout_rooms, nicolae_hepliaklqana_hippocampus,
          nicolae_ossuary_entry_plus, serial_shops, nicolae_shop_statue_plus
D:6:      layout_loops_cross, nemelex_dance_club_becter,
          kennysheep_okawaru_gauntlet, serial_shops, shop
D:7:      layout_rooms, minmay_manual_mares
D:8:      layout_loops_ring, minmay_manual_maat, uniq_amaemon
Temple:   minmay_freezing_vapour_temple

Skill      XL: |  1  2  3  4  5  6  7  8  9 |
---------------+----------------------------+-----
Transmutations | 1 2 3 |  3.2
Earth Magic    | 4 5 6 7 |  7.7
Dodging        | 2 3 |  3.5
Stealth        | 3 4 5 7 |  7.3
Spellcasting   | 3 4 5 |  5.5
Conjurations   | 1 2 3 4 5 |  5.5
Armour         | 1 2 3 |  3.6
Fire Magic     | 1 2 3 |  3.2
Translocations | 1 2 |  2.8
Poison Magic   | 1 2 3 |  3.2

Action                   |  1- 3 |  4- 6 |  7- 9 | 10-12 || total
-------------------------+-------+-------+-------+-------++-------
Melee: Unarmed           |    18 |       |       |       ||    18
       Dagger            |     4 |    24 |    16 |       ||    44
       Punch             |       |     1 |     2 |       ||     3
 Cast: Sandblast         |    30 |    87 |   199 |    18 ||   334
       Stone Arrow       |       |       |       |     1 ||     1
Evoke: Wand              |       |       |       |     4 ||     4
  Use: Potion            |     1 |     2 |     1 |       ||     4
       Scroll            |       |       |     7 |       ||     7
Armor: Robe              |    14 |    34 |       |       ||    48
       Leather armour    |       |     5 |    60 |    11 ||    76
Dodge: Dodged            |    32 |    67 |   100 |    21 ||   220

Table legend: (Time is in decaauts)
 A = Elapsed time spent in this place.
 B = Non-inter-level travel time spent in this place.
 C = Inter-level travel time spent in this place.
 D = Time resting spent in this place.
 E = Time spent auto-exploring this place.
 F = Levels seen in this place.
 G = Mean time per level.
                   A        B        C        D        E       F      G
               +--------+--------+--------+--------+--------+-----+--------+
         Total |   7909 |   7615 |    294 |    481 |   5890 |  10 |  790.9 |
       Dungeon |   7461 |   7168 |    293 |    356 |   5701 |   8 |  932.6 |
        Temple |     20 |     20 |      0 |      0 |      0 |   1 |   20.0 |
       Ossuary |    427 |    427 |      0 |    125 |    189 |   1 |  427.0 |
               +--------+--------+--------+--------+--------+-----+--------+

Top non-repeatable levels by time:
     D:6: 1411 daAuts
     D:4: 1211 daAuts
     D:1: 1182 daAuts
     D:3: 973 daAuts
     D:2: 971 daAuts
     D:7: 841 daAuts
     D:5: 745 daAuts
 Ossuary: 427 daAuts
     D:8: 123 daAuts
  Temple: 20 daAuts
